 Dungeon Crawl Stone Soup version 0.20.1-1-g8b1a95d (webtiles) character file.

100 Ladykiller69 the Chopper (level 5, 0/41 HPs)
             Began as a Formicid Skald on Aug 29, 2017.
             Slain by Crazy Yiuf
             ... wielding a +4 quarterstaff of chaos
              (1 damage)
             ... on level 2 of the Dungeon.
             The game lasted 00:11:20 (3329 turns).

Ladykiller69 the Chopper (Formicid Skald)           Turns: 3329, Time: 00:11:21

Health: 0/41       AC:  4    Str: 17    XL:     5   Next: 3%
Magic:  7/9        EV: 11    Int: 12    God:
Gold:   130        SH:  0    Dex: 10    Spells: 4/10 levels left

rFire    . . .     SeeInvis +   a - +0 hand axe
rCold    + . .     Gourm    .   (no shield)
rNeg     . . .     Faith    .   b - +0 leather armour
rPois    .         Spirit   .   (helmet unavailable)
rElec    .         Reflect  .   (no cloak)
rCorr    .         Harm     .   (no gloves)
MR       .....                  f - +0 pair of boots
Stlth    +.........             (no amulet)
Regen    0.2/turn               (no ring)
MPRegen  0.2/turn               (no ring)

@: lethally poisoned (0 -> -11), drained
A: permanent stasis, dig shafts and tunnels, four strong arms, antennae 3, cold
resistance 1, sense surroundings 1, robust 1, wild magic 1
a: Dig, Shaft Self


You were on level 2 of the Dungeon.
You were hungry.

You visited 1 branch of the dungeon, and saw 2 of its levels.

You collected 130 gold pieces.

Inventory:

Hand Weapons
 a - a +0 hand axe (weapon)
Missiles
 g - 66 bolts
Armour
 b - a +0 leather armour (worn)
 f - a +0 pair of boots (worn)
Scrolls
 e - a scroll of immolation {unknown}
 h - a scroll of magic mapping {unknown}
 k - a scroll of teleportation {unknown}
 o - a scroll of amnesia {unknown}
 p - a scroll of identify {unknown}
 q - a scroll of remove curse {unknown}
Potions
 l - a potion of mutation
Books
 c - a book of Battle

   Spells                             Type                      Level
   a - Infusion                       Charms                       1
   b - Shroud of Golubria             Charms/Translocation         2
   c - Song of Slaying                Charms                       2
   d - Spectral Weapon                Hexes/Charms                 3
   e - Regeneration                   Charms/Necromancy            3
Comestibles
 d - 4 bread rations
 j - 2 chunks of flesh
 m - a meat ration
 n - 2 royal jellies


   Skills:
 + Level 2.2(1.5) Fighting
 * Level 3.2(2.5) Axes
 - Level 1.1(0.4) Armour
 - Level 2.0(1.3) Dodging
 - Level 3.0(2.3) Spellcasting
 - Level 2.1(1.4) Hexes
 - Level 3.0(2.2) Charms
 - Level 1.0(0.3) Translocations


You had 4 spell levels left.
You knew the following spells:

 Your Spells              Type           Power        Failure   Level  Hunger
a - Infusion              Chrm           #...         17%         1    ##.....
b - Shroud of Golubria    Chrm/Tloc      #.........   36%         2    ###....
c - Spectral Weapon       Hex/Chrm       #.......     50%         3    ####...


Dungeon Overview and Level Annotations

Branches:
Dungeon (2/15)

Altars:
Okawaru

Annotations:
D:2 Crazy Yiuf


Innate Abilities, Weirdness & Mutations

You cannot be hasted, slowed, berserked, paralysed or teleported.
You can dig through walls and to a lower floor.
Your four strong arms can wield two-handed weapons with a shield.
You have a pair of large antennae on your head. (SInv)
Your flesh is cold resistant. (rC+)
You passively map a small area around you.
You are robust. (+10% HP)
Your spells are a little harder to cast, but a little more powerful.


Message History

You are poisoned.
You barely miss Crazy Yiuf.
You feel sick.
Crazy Yiuf hits you with a quarterstaff of chaos!
* * * LOW HITPOINT WARNING * * *
Crazy Yiuf freezes you.
* * * LOW HITPOINT WARNING * * *
* * * LOW HITPOINT WARNING * * *
You feel sick.
You see here a mace.
* * * LOW HITPOINT WARNING * * *
You feel sick.
You see here a mace.
It was a potion of cancellation.
Your magical effects are unravelling.
You feel magically purged.
You are no longer magically infusing your attacks.
* * * LOW HITPOINT WARNING * * *
You feel sick.
Crazy Yiuf hits you with a quarterstaff of chaos.
You die...

### ##.#
########... #####
#.......... #).)#
#.........( #)))#
#.......... #)))#
#.......... #'#*
#.......... ##g#
#....รท.#.## #@##
#......#... ##)#
#......#### #)##
#.#####.# ##)##
#..# #.## #)..##
##.# ### #....#
#.# ##..## #[#
#....#####.##
##..........#####


You could see Crazy Yiuf.

Vanquished Creatures
  Jessica (D:2)
  An adder (D:2)
  4 worms (D:2)
  2 leopard geckos
  4 ball pythons
  5 bats
  3 giant cockroaches
  4 hobgoblins (D:1)
  2 jackals (D:2)
  A quokka (D:2)
  4 frilled lizards
  6 goblins
  7 kobolds
  8 rats
52 creatures vanquished.

Notes
Turn   | Place    | Note
-------+----------+-------------------------------------------
     0 | D:1      | Ladykiller69 the Formicid Skald began the quest for the Orb.
     0 | D:1      | Reached XP level 1. HP: 16/16 MP: 3/3
   401 | D:1      | Reached XP level 2. HP: 22/22 MP: 1/5
   405 | D:1      | Learned a level 2 spell: Shroud of Golubria
  1227 | D:1      | Reached XP level 3. HP: 26/27 MP: 3/6
  1232 | D:1      | Learned a level 3 spell: Spectral Weapon
  1570 | D:2      | Reached skill level 1 in Hexes
  1991 | D:2      | Gained mutation: You passively map a small area around you. [potion of mutation]
  1991 | D:2      | Gained mutation: You are robust. (+10% HP) [potion of mutation]
  1991 | D:2      | Gained mutation: Your flesh is cold resistant. (rC+) [potion of mutation]
  1991 | D:2      | Gained mutation: Your spells are a little harder to cast, but a little more powerful. [potion of mutation]
  2115 | D:2      | Reached XP level 4. HP: 36/36 MP: 5/8
  2165 | D:2      | Reached skill level 1 in Translocations
  2322 | D:2      | Noticed Jessica
  2778 | D:2      | Found an iron altar of Okawaru.
  2790 | D:2      | Killed Jessica
  3101 | D:2      | Reached XP level 5. HP: 36/41 MP: 6/9
  3314 | D:2      | Found a runed door.
  3322 | D:2      | Noticed Crazy Yiuf
  3328 | D:2      | HP: 2/41 [poisoned by Crazy Yiuf]
  3329 | D:2      | Slain by Crazy Yiuf

Skill      XL: |  1  2  3  4 |
---------------+-------------+-----
Dodging        | 2 |  2.0
Hexes          | 1 2 |  2.1
Translocations | 1 |  1.0
Spellcasting   | 3 |  3.0
Axes           | 3 |  3.2
Fighting       | |  2.2
Armour         | |  1.1
Charms         | |  3.0

Action                   |  1- 3 |  4- 6 || total
-------------------------+-------+-------++-------
Melee: Hand axe          |   157 |    75 ||   232
 Cast: Infusion          |    12 |    11 ||    23
       Shroud of Golubri |     9 |     3 ||    12
 Abil: Dig               |     3 |       ||     3
  Use: Potion            |     5 |     1 ||     6
  Eat: Chunk             |     6 |     4 ||    10
Armor: Leather armour    |    43 |    26 ||    69
Dodge: Dodged            |    92 |    58 ||   150
